 Dungeon Crawl Stone Soup version 0.22.1-2-g9c5b331 (webtiles) character file.

1493 nightchill the Grappler (level 8, -7/73 HPs)
             Began as a Ghoul Warper on Nov 18, 2018.
             Mangled by an orc wizard
             ... wielding a +2 dagger of electrocution
              (16 damage)
             ... on level 6 of the Dungeon.
             The game lasted 00:14:57 (6317 turns).

nightchill the Grappler (Ghoul Warper)              Turns: 6317, Time: 00:14:58

Health: -7/73      AC:  6    Str: 17    XL:     8   Next: 81%
Magic:  0/9        EV: 16    Int:  8    God:
Gold:   219        SH:  0    Dex: 13    Spells: 10/10 levels left

rFire    . . .     SeeInvis +     - Unarmed
rCold    + . .     Gourm    .   (no shield)
rNeg     + + +     Faith    .   b - +0 ring mail
rPois    ∞         Spirit   +   i - +0 hat
rElec    .         Reflect  .   (no cloak)
rCorr    .         Harm     .   (no gloves)
MR       .....                  e - +0 pair of boots
Stlth    ++........             p - amulet of guardian spirit
HPRegen  0.00/turn              q - ring of see invisible (curse)
MPRegen  0.11/turn              (no ring)

@: agile, rotting
A: rotting body, claws 1, carnivore, cold resistance 1, negative energy
resistance 3, inhibited regeneration, torment resistance, unbreathing
a: no special abilities


You were on level 6 of the Dungeon.
You were not hungry.

You visited 1 branch of the dungeon, and saw 7 of its levels.

You collected 219 gold pieces.

Inventory:

Hand Weapons
 k - a +0 hunting sling
Missiles
 d - 5 tomahawks of dispersal (quivered)
 h - 113 stones
 n - 3 curare-tipped needles
 y - 35 sling bullets
Armour
 a - a +0 leather armour
 b - a +0 ring mail (worn)
 e - a +0 pair of boots (worn)
 i - a +0 hat (worn)
 l - a +0 plate armour
 u - a +0 large shield
Jewellery
 p - an amulet of guardian spirit (around neck)
 q - a cursed ring of see invisible (left claw)
 t - a cursed ring of teleportation {unknown}
Scrolls
 c - a scroll of blinking
 r - a scroll of remove curse
 v - a scroll of immolation
 B - a scroll of fear
 C - 3 scrolls of teleportation {unknown}
 F - a scroll of amnesia
Potions
 g - 4 potions of curing
 j - a potion of agility
 m - 2 potions of might
 o - a potion of brilliance {unknown}
 s - a potion of flight
 w - a potion of haste {unknown}
 x - 2 potions of degeneration {unknown}
 z - a potion of invisibility {unknown}
 A - a potion of mutation {unknown}
 D - a potion of resistance {unknown}
Comestibles
 f - 13 rations
 E - a chunk of flesh


   Skills:
 + Level 7.0 Fighting
 - Level 0.8 Throwing
 - Level 0.8 Armour
 - Level 1.7 Dodging
 * Level 9.8 Unarmed Combat
 - Level 1.7 Spellcasting
   Level 2.6 Translocations


You had 10 spell levels left.
You didn't know any spells.
Your spell library contained the following spells:

 Spells                   Type           Power        Failure   Level  Hunger
 Blink                    Tloc           N/A          34%         2    ###....
 Shroud of Golubria       Chrm/Tloc      #.........   52%         2    ###....
 Gell's Gravitas          Tloc           #.........   56%         3    ####...
 Lesser Beckoning         Tloc           #.........   56%         3    ####...
 Teleport Other           Tloc           #.......     56%         3    ####...
 Passage of Golubria      Tloc           N/A          92%         4    #####..


Dungeon Overview and Level Annotations

Branches:
Dungeon (7/15)
 Temple: D:4-7

Altars:
Ashenzari
Dithmenos
Fedhas
Hepliaklqana
Nemelex Xobeh
Sif Muna
Trog
Xom

Shops:
D:4 *   D:5 ?


Innate Abilities, Weirdness & Mutations

Your body is rotting away.
You thrive on raw meat.
You are immune to poison.
You have sharp fingernails.
You are carnivorous and can eat meat at any time.
Your flesh is cold resistant. (rC+)
You are immune to negative energy. (rN+++)
You do not regenerate when monsters are visible.
You are immune to unholy pain and torment.
You can survive without breathing.


Message History

The orc wizard closely misses you.
The orc priest calls down the wrath of Beogh upon you.
Beogh smites you!
You barely miss the orc priest.
The orc priest is heavily wounded.
The orc wizard hits you with a dagger of electrocution.
You are electrocuted!
* * * LOW HITPOINT WARNING * * *
The orc wizard casts a spell.
The orc wizard blinks!
The orc priest hits you with a dagger.
* * * LOW HITPOINT WARNING * * *
The orc wizard hits you but does no damage.
You are electrocuted!
* * * LOW HITPOINT WARNING * * *
You feel agile all of a sudden. The orc wizard misses you.
The orc priest hits you with a dagger.
* * * LOW HITPOINT WARNING * * *
The orc wizard hits you but does no damage.
You are electrocuted!
You die...

...# .....................
...#
#....#.................
####
#....##........).......
#....##..#####.........
#....##..########......
#....##..#............. .
#....##..#.............
....#....##..#.............
........oo@................
....#....##..#.........####
. #....##..#.......#.#
########.#.........####
#>#....####.....
#.#....####.###.
#.#....##.....#.
#.#....##.....#.
#.###+....._....


You could see an orc priest and an orc wizard.

Vanquished Creatures
  An orc warrior (D:6)
  An ogre (D:4)
  5 centaurs
  A bullfrog (D:6)
  3 wights (D:7)
  A crimson imp (D:5)
  A centaur zombie (D:6)
  An orc priest (D:6)
  A centaur skeleton (D:4)
  Jessica (D:2)
  2 iguanas (D:5)
  2 orc wizards (D:6)
  4 worker ants
  Natasha (twice) (D:2)
  A worker ant zombie (D:5)
  10 adders
  11 gnolls
  An adder skeleton (D:6)
  7 worms
  2 dart slugs
  5 leopard geckos
  5 orcs (D:6)
  4 bats
  5 giant cockroaches
  4 goblins
  12 hobgoblins
  3 jackals
  A quokka (D:3)
  7 frilled lizards
  2 jackal skeletons
  10 kobolds
  A leopard gecko skeleton (D:4)
  A quokka skeleton (D:6)
  12 rats
130 creatures vanquished.

Notes
Turn   | Place    | Note
-------+----------+-------------------------------------------
     0 | D:1      | nightchill the Ghoul Warper began the quest for the Orb.
     0 | D:1      | Reached XP level 1. HP: 17/17 MP: 2/2
   323 | D:1      | Reached XP level 2. HP: 19/25 MP: 3/3
   368 | D:1      | Reached skill level 3 in Unarmed Combat
   526 | D:1      | Reached XP level 3. HP: 19/30 MP: 4/4
  1184 | D:2      | Reached skill level 4 in Unarmed Combat
  1184 | D:2      | Reached XP level 4. HP: 35/38 MP: 5/5
  1658 | D:2      | Reached XP level 5. HP: 44/45 MP: 6/6
  1687 | D:2      | Noticed Natasha
  1699 | D:2      | Killed Natasha
  1699 | D:2      | Reached skill level 5 in Unarmed Combat
  1757 | D:2      | Found a sparkling altar of Nemelex Xobeh.
  1758 | D:2      | Found a hazy altar of Hepliaklqana.
  1987 | D:2      | Found a deep blue altar of Sif Muna.
  2007 | D:2      | Noticed Natasha
  2018 | D:2      | Killed Natasha
  2195 | D:2      | Noticed Jessica
  2198 | D:2      | Killed Jessica
  2462 | D:3      | Reached XP level 6. HP: 48/52 MP: 7/7
  3025 | D:3      | Noticed a moth of wrath
  3027 | D:3      | Found a bloodstained altar of Trog.
  3249 | D:3      | Reached skill level 6 in Unarmed Combat
  3477 | D:4      | Found a shadowy altar of Dithmenos.
  3492 | D:4      | Found Sagronwy's General Store.
  3799 | D:4      | Found a shattered altar of Ashenzari.
  3835 | D:4      | Reached XP level 7. HP: 57/59 MP: 8/8
  3896 | D:4      | You fall through a shaft for 3 floors!
  3958 | D:7      | Reached skill level 5 in Fighting
  3958 | D:7      | Reached skill level 7 in Unarmed Combat
  4220 | D:5      | Entered Level 5 of the Dungeon
  4550 | D:5      | Reached skill level 8 in Unarmed Combat
  4755 | D:5      | Found Viywuoq's Magic Scroll Shoppe.
  4805 | D:5      | Reached XP level 8. HP: 67/70 MP: 7/9
  5249 | D:5      | Found a shimmering altar of Xom.
  5405 | D:6      | Reached skill level 9 in Unarmed Combat
  6259 | D:6      | Found a blossoming altar of Fedhas.
  6317 | D:6      | Mangled by an orc wizard

Skill      XL: |  1  2  3  4  5  6  7  8 |
---------------+-------------------------+-----
Unarmed Combat | 3 4 5 6 8 9 |  9.8
Fighting       | 3 4 5 7 |  7.0
Throwing       | |  0.8
Armour         | |  0.8
Dodging        | |  1.7
Spellcasting   | |  1.7
Translocations | |  2.6

Action                   |  1- 3 |  4- 6 |  7- 9 || total
-------------------------+-------+-------+-------++-------
Melee: Unarmed           |   122 |   227 |   161 ||   510
       Punch             |     2 |     4 |     6 ||    12
  Use: Scroll            |       |    10 |     1 ||    11
       Potion            |       |       |     2 ||     2
  Eat: Chunk             |     9 |    24 |     9 ||    42
Armor: Ring mail         |    47 |    57 |    35 ||   139
       Leather armour    |     1 |       |       ||     1
Dodge: Dodged            |    53 |   113 |    64 ||   230
